 Dungeon Crawl Stone Soup version 0.30.1-9-gdf580d7c3d (webtiles) character file.

Game seed: 6563475924914146654

800458 wingedge the Cloud Mage (level 27, -4/255 HPs)
             Began as a Demigod Earth Elementalist on Sept 21, 2023.
             Killed by miscasting Chain Lightning (32 damage)
             ... in Pandemonium on Sept 24, 2023.
             The game lasted 09:02:33 (131004 turns).

wingedge the Cloud Mage (DgEE)                    Turns: 131004, Time: 09:02:34

Health: -4/255     AC: 39    Str: 19    XL:     27
Magic:  14/50      EV: 16    Int: 60    God:
Gold:   4128       SH: 13    Dex: 14    Spells: 1/60 levels left

rFire   + + .        b - +9 eveningstar (freeze)
rCold   + + +        D - +1 kite shield of Yrowyofi {Contam rElec rPois Stlth+}
rNeg    + + +        U - +7 ice dragon scales of the Big Bang {rF- rC++ rN++ Int+7}
rPois   +            I - +2 helmet {Int+3}
rElec   +            C - scarf {rC+ rF+}
rCorr   .            J - +2 pair of gloves of Coubykk {Str+3}
SInv    .            Q - +2 pair of boots
Will    +++++        p - amulet of the Four Winds {rN+ Will+++ Clar}
Stlth   ++           f - ring "Siorcheom" {Fly rF++ rN+++ Str-5}
HPRegen 0.62/turn    z - ring "Woisusef" {rF- Will+ AC+4 Int+9}
MPRegen 0.32/turn

%: clarity
@: brilliant, flying, contaminated, slowed, glowing, studying 3 skills, very
slow
A: high MP 1, forlorn, divine attributes, talons 1, iridescent scales 1, fire
resistance 1, sense surroundings 1, robust 1, wild magic 1
}: 8/15 runes: barnacled, slimy, silver, abyssal, demonic, fiery, dark, gossamer
a: no special abilities


You were in Pandemonium.
You visited 11 branches of the dungeon, and saw 54 of its levels.
You visited Pandemonium 1 time, and saw 11 of its levels.
You visited the Abyss 4 times.
You visited 1 bazaar.
You also visited: Bailey.

You collected 10005 gold pieces.
You spent 5877 gold pieces at shops.

Inventory:

Hand Weapons
 b - a +9 eveningstar of freezing (weapon)
 c - a +5 eveningstar of freezing
 d - the +4 scimitar "Apretona" {spect, *Rage Fly Int+7}
   (You bought it in a shop on level 12 of the Dungeon)

   Int:       It affects your intelligence (+7).
   Fly:       It grants you flight.
   *Rage:     It berserks you when you make melee attacks (+20% chance).
 F - the +9 war axe "Setaphed" {flame, rF++}
   (You took it off a deep elf elementalist on level 3 of the Elven Halls)

   rF:        It greatly protects you from fire.
 S - the +6 dagger of Duxzeblo {heavy, *Noise rC+ SInv}
   (You found it on level 5 of the Pits of Slime)

   rC:        It protects you from cold.
   SInv:      It lets you see invisible.
   *Noise:    It may make noises in combat.
Missiles
 j - 8 throwing nets
 H - 14 curare-tipped darts
Armour
 o - the +8 fire dragon scales "Oggothep" {rElec rF++ rC- Stlth+}
   (You found it in Pandemonium)

   rF:        It greatly protects you from fire.
   rC:        It makes you vulnerable to cold.
   rElec:     It insulates you from electricity.
   Stlth:     It makes you more stealthy.
 C - a scarf of resistance (worn)
 D - the +1 kite shield of Yrowyofi (worn) {Contam rElec rPois Stlth+}
   (You found it on level 3 of the Vaults)

   rElec:     It insulates you from electricity.
   rPois:     It protects you from poison.
   Contam:    It causes magical contamination when unequipped.
   Stlth:     It makes you more stealthy.
 I - a +2 helmet of intelligence (worn)
 J - the +2 pair of gloves of Coubykk (worn) {Str+3}
   (You found it on level 13 of the Dungeon)

   Str:       It affects your strength (+3).
 Q - a +2 pair of boots (worn)
 U - the +7 ice dragon scales of the Big Bang (worn) {rF- rC++ rN++ Int+7}
   (You took it off a deep elf high priest on level 3 of the Elven Halls)

   Int:       It affects your intelligence (+7).
   rF:        It makes you vulnerable to fire.
   rC:        It greatly protects you from cold.
   rN:        It greatly protects you from negative energy.
Magical Staves
 a - the staff of conjuration "Xeroq" {rF+ Int+2 Stlth+}
   (You found it on level 3 of the Elven Halls)

   [staff of conjuration]

   Base accuracy: +5 Base damage: 5 Base attack delay: 1.2 This weapon's minimum
   attack delay (0.6) is reached at skill level 12.
   Int:       It affects your intelligence (+2).
   rF:        It protects you from fire.
   Stlth:     It makes you more stealthy.
   It falls into the 'Staves' category.
   It is a one-handed weapon.
 r - a staff of air
 y - the staff of fire "Fiukkiot" {rF+ rC+ MP-9 Str+8 Int+3}
   (You found it on level 3 of the Realm of Zot)

   [staff of fire]

   Base accuracy: +5 Base damage: 5 Base attack delay: 1.2 This weapon's minimum
   attack delay (0.6) is reached at skill level 12.
   Str:       It affects your strength (+8).
   Int:       It affects your intelligence (+3).
   rF:        It protects you from fire.
   rC:        It protects you from cold.
   MP:        It affects your magic capacity (-9).
   It falls into the 'Staves' category.
   It is a one-handed weapon.
Jewellery
 f - the ring "Siorcheom" (left hand) {Fly rF++ rN+++ Str-5}
   (You took it off a vault guard on level 3 of the Vaults)

   [ring of flight]

   Str:       It affects your strength (-5).
   rF:        It greatly protects you from fire.
   rN:        It renders you almost immune to negative energy.
   Fly:       It grants you flight.
 p - the amulet of the Four Winds (around neck) {rN+ Will+++ Clar}
   (You bought it in a shop on level 4 of the Depths)

   [amulet of nothing]

   rN:        It protects you from negative energy.
   Clar:      It protects you from confusion, rage, mesmerisation and fear.
   Will:      It greatly increases your willpower.
 q - the ring "Qadufewk" {rF+ rCorr}
   (You took it off an ogre mage on level 5 of the Vaults)

   [ring of resist corrosion]

   rF:        It protects you from fire.
   rCorr:     It protects you from acid and corrosion.
 s - the ring of Jilug {rElec Str-2 Int+2 Dex+6 SInv}
   (You found it on level 10 of the Dungeon)

   [ring of see invisible]

   Str:       It affects your strength (-2).
   Int:       It affects your intelligence (+2).
   Dex:       It affects your dexterity (+6).
   rElec:     It insulates you from electricity.
   SInv:      It lets you see invisible.
 z - the ring "Woisusef" (right hand) {rF- Will+ AC+4 Int+9}
   (You took it off a vampire mage on level 3 of the Depths)

   [ring of protection]

   AC:        It affects your AC (+4).
   Int:       It affects your intelligence (+9).
   rF:        It makes you vulnerable to fire.
   Will:      It increases your willpower.
 L - an amulet of regeneration
 R - the ring of Kinutu {rPois rF- Str-2 Slay+5 SInv}
   (You found it in Pandemonium)

   [ring of see invisible]

   Str:       It affects your strength (-2).
   Slay:      It affects your accuracy & damage with ranged weapons and melee
   (+5).
   rF:        It makes you vulnerable to fire.
   rPois:     It protects you from poison.
   SInv:      It lets you see invisible.
 T - the ring "Qiofydi" {rPois rF+ rN+ Int+3 Stlth-}
   (You acquired it in a bailey)

   [ring of poison resistance]

   Int:       It affects your intelligence (+3).
   rF:        It protects you from fire.
   rPois:     It protects you from poison.
   rN:        It protects you from negative energy.
   Stlth:     It makes you less stealthy.
 V - the amulet "Eskueg" {Acrobat rPois Str+5 Dex-5 SInv}
   (You took it off a demonspawn warmonger in Pandemonium)

   [amulet of the acrobat]

   It increases your evasion while moving and waiting.
   Str:       It affects your strength (+5).
   Dex:       It affects your dexterity (-5).
   rPois:     It protects you from poison.
   SInv:      It lets you see invisible.
Wands
 P - a wand of digging (44)
Scrolls
 e - 2 scrolls of enchant weapon
 g - 8 scrolls of teleportation
 m - a scroll of blinking
 n - 9 scrolls of fear
 t - 7 scrolls of poison
 v - 11 scrolls of magic mapping
 w - 4 scrolls of amnesia
 A - 11 scrolls of fog
 B - 2 scrolls of silence
 G - 11 scrolls of immolation
 M - 8 scrolls of enchant armour
 Y - 3 scrolls of summoning
Potions
 i - 3 potions of berserk rage
 k - 8 potions of brilliance
 l - 11 potions of might
 u - 11 potions of flight
 x - 24 potions of curing
 E - 7 potions of resistance
 K - 16 potions of ambrosia
 N - 5 potions of haste
 O - 13 potions of mutation
 W - 2 potions of cancellation
 X - 3 potions of magic
 Z - 9 potions of invisibility


   Skills:
 - Level 16.2 Fighting
 - Level 16.0 Maces & Flails
 - Level 15.0 Armour
 - Level 16.0 Dodging
 - Level 8.3 Stealth
 - Level 12.0 Shields
 - Level 17.0 Spellcasting
 + Level 19.3 Conjurations
 - Level 10.0 Necromancy
 - Level 5.0 Translocations
 - Level 7.0 Transmutations
 - Level 8.5 Ice Magic
 + Level 21.1 Air Magic
 - Level 13.0 Earth Magic
 - Level 3.0 Poison Magic


You had one spell level left.
You knew the following spells:

 Your Spells              Type           Power      Damage    Failure   Level
a - Freezing Cloud        Conj/Ice/Air   85%        6-21      1%          5
b - Iron Shot             Conj/Erth      84%        9d15      1%          6
c - Conjure Ball Lightni  Conj/Air       90%        3x3d35    1%          6
d - Chain Lightning       Conj/Air       90%        3d120     34%         9
e - Blink                 Tloc           100%       N/A       1%          2
f - Arcjolt               Conj/Air       90%        1d100     1%          5
g - Borgnjor's Vile Clut  Necr/Erth      76%        N/A       1%          5
h - Lee's Rapid Deconstr  Erth           79%        3d35*     1%          5
i - Sublimation of Blood  Necr           100%       N/A       1%          2
k - Maxwell's Capacitive  Air            92%        ∞         2%          8
l - Statue Form           Tmut/Erth      97%        N/A       4%          6

Your spell library contained the following spells:

 Spells                   Type           Power      Damage    Failure   Level
 Apportation              Tloc           100%       N/A       1%          1
 Beastly Appendage        Tmut           100%       N/A       1%          1
 Foxfire                  Conj/Fire      100%       2x1d9     1%          1
 Freeze                   Ice            100%       1d10      1%          1
 Kiss of Death            Conj/Necr      100%       2d13      1%          1
 Magic Dart               Conj           100%       1d8       1%          1
 Necrotise                Necr           100%       1d9       1%          1
 Sandblast                Erth           100%       2d20      1%          1
 Shock                    Conj/Air       100%       1d9       1%          1
 Slow                     Hex            100%       N/A       2%          1
 Summon Small Mammal      Summ           100%       N/A       2%          1
 Ensorcelled Hibernation  Hex/Ice        100%       N/A       1%          2
 Lesser Beckoning         Tloc           100%       N/A       1%          2
 Momentum Strike          Conj/Tloc      100%       3d10      1%          2
 Passwall                 Tmut/Erth      100%       N/A       1%          2
 Poisonous Vapours        Pois/Air       100%       N/A       1%          2
 Searing Ray              Conj           100%       2d8       1%          2
 Static Discharge         Conj/Air       100%       2-7/arc   1%          2
 Wereblood                Tmut           100%       N/A       1%          2
 Dazzling Flash           Conj/Hex       100%       N/A       1%          3
 Frozen Ramparts          Ice            100%       1d16      1%          3
 Gell's Gravitas          Tloc           100%       N/A       1%          3
 Hailstorm                Conj/Ice       100%       3d20      1%          3
 Ignite Poison            Fire/Tmut/Pois 100%       N/A       1%          3
 Mephitic Cloud           Conj/Pois/Air  100%       N/A       1%          3
 Ozocubu's Armour         Ice            100%       N/A       1%          3
 Spider Form              Tmut/Pois      100%       N/A       1%          3
 Stone Arrow              Conj/Erth      100%       3d13      1%          3
 Swiftness                Air            100%       N/A       1%          3
 Teleport Other           Tloc           100%       N/A       1%          3
 Vampiric Draining        Necr           100%       2d13      1%          3
 Vhi's Electric Charge    Tloc/Air       100%       N/A       1%          3
 Airstrike                Air            92%        2d(14-30) 1%          4
 Animate Armour           Summ/Erth      100%       N/A       1%          4
 Animate Dead             Necr           100%       N/A       1%          4
 Dispel Undead            Necr           100%       3d31      1%          4
 Flame Wave               Conj/Fire      100%       2d21      1%          4
 Fulminant Prism          Conj/Hex       72%        3d29      1%          4
 Ice Form                 Ice/Tmut       100%       N/A       1%          4
 Iskenderun's Mystic Bla  Conj/Tloc      100%       2d19      1%          4
 Leda's Liquefaction      Hex/Erth       64%        N/A       1%          4
 Petrify                  Tmut/Erth      100%       N/A       1%          4
 Sticky Flame             Conj/Fire      100%       2d11      1%          4
 Summon Lightning Spire   Summ/Air       100%       N/A       1%          4
 Agony                    Necr           100%       N/A       1%          5
 Fireball                 Conj/Fire      72%        3d27      1%          5
 Iskenderun's Battlesphe  Conj           100%       2d15      1%          5
 Silence                  Hex/Air        74%        N/A       1%          5
 Orb of Destruction       Conj           89%        9d19      1%          7
 Portal Projectile        Hex/Tloc       100%       N/A       2%          3
 Volatile Blastmotes      Fire/Tloc      100%       2d18      2%          3
 Anguish                  Hex/Necr       60%        N/A       2%          4
 Manifold Assault         Tloc           100%       N/A       2%          4
 Call Imp                 Summ           100%       N/A       3%          2
 Scorch                   Fire           100%       2d9       3%          2
 Summon Ice Beast         Ice/Summ       100%       N/A       3%          4
 Blade Hands              Tmut           66%        N/A       3%          5
 Death Channel            Necr           73%        N/A       4%          6
 Storm Form               Tmut/Air       81%        N/A       4%          7
 Call Canine Familiar     Summ           78%        N/A       5%          3
 Confusing Touch          Hex            78%        N/A       5%          3
 Inner Flame              Hex/Fire       78%        N/A       5%          3
 Summon Guardian Golem    Hex/Summ       78%        N/A       5%          3
 Tukima's Dance           Hex            78%        N/A       5%          3
 Olgreb's Toxic Radiance  Pois           100%       N/A       5%          4
 Starburst                Conj/Fire      72%        6d19      5%          6
 Alistair's Intoxication  Tmut/Pois      80%        N/A       6%          5
 Simulacrum               Ice/Necr       71%        N/A       6%          6
 Metabolic Englaciation   Hex/Ice        57%        N/A       8%          5
 Lehudib's Crystal Spear  Conj/Erth      84%        10d19     13%         8
 Cause Fear               Hex            39%        N/A       14%         4
 Summon Forest            Summ/Tloc      51%        N/A       14%         5
 Dispersal                Tloc           60%        N/A       28%         6
 Eringya's Noxious Bog    Tmut/Pois      60%        N/A       28%         6
 Ozocubu's Refrigeration  Ice            70%        4d23      34%         7
 Summon Mana Viper        Hex/Summ       78%        N/A       36%         5
 Haunt                    Necr/Summ      60%        N/A       80%         7
 Infestation              Necr           73%        N/A       80%         8
 Summon Cactus Giant      Summ           39%        N/A       88%         6
 Necromutation            Tmut/Necr      70%        N/A       94%         8
 Malign Gateway           Summ/Tloc      51%        N/A       98%         7
 Shatter                  Erth           79%        3d58*     99%         9
 Enfeeble                 Hex            39%        N/A       100%        7
 Summon Hydra             Summ           39%        N/A       100%        7
 Discord                  Hex            39%        N/A       100%        8
 Disjunction              Tloc           60%        N/A       100%        8
 Ignition                 Fire           39%        3d12      100%        8
 Summon Horrible Things   Summ           39%        N/A       100%        8
 Dragon's Call            Summ           39%        N/A       100%        9
 Fire Storm               Conj/Fire      72%        8d18      100%        9
 Polar Vortex             Ice            70%        N/A       100%        9


Dungeon Overview and Level Annotations

Branches:
Dungeon (15/15)            Temple (0/1) D:4            Lair (5/5) D:11
 Shoals (4/4) Lair:3       Spider (4/4) Lair:2        Slime (5/5) Lair:5
    Orc (2/2) D:10            Elf (3/3) Orc:2        Vaults (5/5) D:14
  Crypt (3/3) Vaults:2       Tomb (0/3) Crypt:3      Depths (4/4) D:15
    Zot (4/5) Depths:4     Bailey (visited)

Shops:
D:11 (   D:12 (   Orc:2 ((?*   Elf:1 *   Elf:2 ?!?   Shoals:3 =   Vaults:5 =(=?
Depths:4 =:=

Portals:
Hell: Depths:1 Depths:2 Depths:3 Depths:4
Abyss: Depths:3
Pandemonium: Depths:1 Depths:2 Depths:3
Ziggurat: Depths:3


Innate Abilities, Weirdness & Mutations

You have an increased reservoir of magic. (+10% MP)
You shall have no god before yourself.
Your divine heritage dramatically boosts your attributes as you level up.
You have sharp toenails.
You are partially covered in iridescent scales. (AC +2)
Your flesh is heat resistant. (rF+)
You passively map a small area around you.
You are robust. (+10% HP)
Your spells are a little harder to cast, but a little more powerful.


Message History

The bolt of lightning hits the smoke demon!!!!
You kill the smoke demon!
The bolt of lightning hits the demonspawn blood saint!!!
The demonspawn blood saint is heavily wounded.
The bolt of lightning hits the blizzard demon!!
The blizzard demon resists.
The blizzard demon is moderately wounded.
The bolt of lightning hits the demonspawn blood saint!!
The demonspawn blood saint is lightly wounded.
You feel sick.
You are no longer poisoned.
You hear a shout! x2; You hear a roar! x2
The demonspawn blood saint calls on the powers of chaos!
The demonspawn blood saint suddenly seems more resistant.
The blizzard demon evaporates and reforms as a cacodemon!
Casting: Chain Lightning (dangerous; 34% risk of failure)
Confirm with . or Enter, or press ? or * to list all spells.
You feel a surge of power!
You miscast Chain Lightning.
You are contaminated with residual magic.
Strange energies run through your body!!
* * * LOW HITPOINT WARNING * * *
The demonspawn blood saint calls on the powers of chaos!
The cacodemon seems to speed up.
Okay, then.
Blink to where?
Press: ? - help, Dir - move target A demonspawn black sun comes into view.
It is wielding a +0 demon trident.
Found a potion of mutation.
As you read the scroll of blinking, it crumbles to dust.
The demonspawn black sun shouts!
You feel much better.
A demonspawn warmonger comes into view.
It is wielding a +4 antimagic demon trident and wearing a +0 kite shield of reflection.
The demonspawn black sun invokes the aid of Kikubaaqudgha against you.
The bolt of negative energy hits you but does no damage.
You resist.
Casting: Chain Lightning (dangerous; 34% risk of failure)
Confirm with . or Enter, or press ? or * to list all spells.
You feel a surge of power!
You miscast Chain Lightning.
You feel a strange surge of energy!!
You die...

* , , , ,, ,, * * # *
#########...
....#######...6...6...,
,
6......@.....2........
,
..6...............2...
,.................6....
######################*


You could see a demonspawn warmonger (wandering, reflecting), a cacodemon
(fast), a demonspawn blood saint and a demonspawn black sun.

Vanquished Creatures
  Cerebov (Pan)
  the Royal Jelly (Slime:5)
  Dissolution (Slime:5)
  2 orbs of fire
  A dread lich (Abyss:4)
  An ancient lich (Vaults:5)
  The ghost of Celoneuts the Cryomancer, a legendary OpSu of Gozag (Zot:3)
  5 pandemonium lords (Pan)
  Saint Roka (Vaults:3)
  Bai Suzhen (Crypt:1)
  Margery (Crypt:1)
  A caustic shrike (Depths:3)
  A curse toe (Zot:3)
  Nikola (Depths:2)
  9 golden dragons
  4 bone dragons
  4 Brimstone Fiends (Pan)
  3 electric golems
  Jorgrun (Elf:2)
  15 tentacled monstrosities
  An Ice Fiend (Pan)
  Rupert (D:14)
  Asterion (Vaults:3)
  4 titans
  2 deep elf blademasters (Elf:3)
  5 liches
  Zenata (Vaults:1)
  3 deep elf master archers (Elf:3)
  4 quicksilver dragons
  2 walking frostbound tomes (Depths:4)
  A kraken (Shoals:2)
  21 acid blobs
  8 death cobs
  3 ancient champions
  19 Executioners (Pan)
  2 sphinxes
  7 storm dragons
  11 tentacled starspawn
  The ghost of kingsuperguy the Executioner, an adept HOMo of Beogh (Shoals:1)
  10 tengu reavers
  8 draconian monks
  The ghost of Amuaxidi the Fencer, an adept FoCK of Xom (Shoals:2)
  6 demonspawn warmongers (Pan)
  5 revenants
  5 azure jellies
  Donald (Vaults:1)
  A nagaraja (Abyss:4)
  7 shadow dragons
  6 emperor scorpions
  6 ghost moths
  10 fire giants
  12 rockslimes
  8 frost giants
  3 draconian knights
  15 vault wardens
  7 draconian scorchers
  3 iron dragons
  10 deep elf sorcerers
  3 ghouls
  2 cacodemons
  8 deep elf elementalists (Elf:3)
  7 draconian shifters
  Aizul (Elf:2)
  15 quicksilver oozes
  7 curse skulls
  3 spriggan defenders
  32 very ugly things
  35 balrugs (Pan)
  2 orc warlords
  16 ironbound preservers
  8 draconian annihilators
  A caustic shrike zombie (Depths:3)
  3 draconian stormcallers
  A caustic shrike skeleton (Depths:3)
  A demonspawn corrupter (Pan)
  9 ironbound thunderhulks
  A war gargoyle (Vaults:4)
  A juggernaut skeleton (Pan)
  13 black draconians
  19 stone giants
  5 reapers (Pan)
  26 yellow draconians
  10 vampire knights
  14 dire elephants
  The ghost of Psyclone the Thaumaturge, a journeyman OpVM of Gozag (Orc:1)
  14 purple draconians
  Azrael (Elf:2)
  3 green draconians
  10 deep elf demonologists
  12 deep elf annihilators
  4 lorocyprocas
  5 demonspawn black suns
  Nessos (D:14)
  6 spark wasps
  The ghost of Kanwenku the Fighter, a journeyman MiFi of Makhleb (Lair:3)
  10 red draconians
  The ghost of Babbit the Severer, a journeyman MiFi of Okawaru (Lair:2)
  9 white draconians
  A bunyip (Abyss:3)
  4 blizzard demons
  11 eidola
  10 deep elf death magi
  4 merfolk javelineers (Shoals:4)
  6 green deaths
  A crystal guardian (Vaults:4)
  Josephine (Lair:4)
  11 fire dragons
  2 mummy priests (Depths:3)
  11 ettins
  A quicksilver dragon zombie (Abyss:3)
  14 yaktaur captains
  3 jiangshi (Crypt:2)
  7 deep elf high priests
  A spectral kraken (Shoals:1)
  14 merfolk impalers
  A spectral fenstrider witch (Crypt:3)
  A fenstrider witch zombie (Crypt:1)
  5 entropy weavers
  13 great orbs of eyes
  9 ice dragons
  35 vault guards
  5 spriggan air magi
  9 hydras
  An alligator snapping turtle (Shoals:4)
  A peacekeeper (Vaults:4)
  8 ironbound frosthearts
  4 jorogumos
  A radroach (Spider:2)
  An anaconda (Lair:1)
  2 merfolk avatars
  4 ogre magi (Vaults:5)
  12 rakshasas
  6 merfolk aquamancers (Shoals:4)
  4 death knights
  9 centaur warriors
  3 boulder beetles
  10 two-headed ogres
  The ghost of chicagocrazy the Arsonist, a novice MeCA of Ignis (D:7)
  2 catoblepae
  5 deep troll shamans
  2 thrashing horrors
  The ghost of monsoonserge the Carver, a novice DsMo (D:11)
  2 satyrs (Shoals:2)
  9 death yaks
  Urug (D:12)
  4 deep troll earth magi (Depths:3)
  7 hell hogs
  7 vampire magi
  26 dancing weapons
  127 sun demons
  A spectral emperor scorpion (Spider:3)
  A spectral dire elephant (Crypt:3)
  8 tengu warriors
  9 orc high priests
  8 spriggan berserkers
  20 hell knights
  17 deep elf knights
  The ghost of AccursedSamuel the Cruncher, a novice TeMo (D:8)
  7 soul eaters
  9 wretched stars
  3 pharaoh ants
  4 iron trolls (Depths:3)
  26 shadow wraiths
  14 skeletal warriors
  3 sixfirhies (Pan)
  A fire crab (D:10)
  3 skysharks
  A spectral catoblepas (Lair:2)
  5 salamander mystics (Depths:3)
  The ghost of Zeor the Carver, a novice DsGl of Okawaru (D:10)
  A death drake (shapeshifter) (Vaults:4)
  9 sea snakes
  2 shadow demons (Pan)
  10 flayed ghosts
  A swamp dragon (Abyss:4)
  9 glowing orange brains
  8 orb spiders
  A spectral iron dragon (Crypt:3)
  A kraken simulacrum (Shoals:1)
  2 tengu zombies
  48 deep trolls
  An orange crystal statue (Crypt:2)
  4 lindwurms
  15 deep elf archers
  A swamp dragon (shapeshifter) (Vaults:5)
  3 spectral hydras
  2 steelbarb worms
  29 phantasmal warriors
  8 wizards
  A harpy (shapeshifter) (D:15)
  27 deep elf pyromancers
  2 golden dragon skeletons (Depths:3)
  7 orc knights
  37 deep elf zephyrmancers
  21 harpies
  21 ironbound convokers
  12 necromancers
  30 starcursed masses
  8 cyclopes
  9 manticores
  8 wolf spiders
  3 worldbinders
  8 shining eyes
  11 fauns
  An orc sorcerer (Orc:2)
  2 oklob plants (Zot:2)
  A salamander (Lair:5)
  63 ugly things
  4 elephants
  14 demonic crawlers
  21 moths of wrath
  A water nymph (shapeshifter) (Vaults:4)
  7 merfolk sirens
  A fire giant skeleton (D:15)
  A guardian serpent (Abyss:4)
  2 stone giant skeletons
  16 vault sentinels
  7 water nymphs
  5 black mambas
  2 apocalypse crabs
  17 smoke demons
  6 torpor snails
  4 eyes of devastation
  A yaktaur zombie (Vaults:1)
  23 orange demons
  15 cane toads
  2 centaur skeletons (Pan)
  5 rime drakes
  2 kobold demonologists
  A spectral sea snake (Shoals:1)
  A dire elephant skeleton (Crypt:3)
  2 unseen horrors
  7 tormentors (Pan)
  3 ice devils
  2 komodo dragons (shapeshifter)
  4 hellions (Pan)
  Psyche (D:8)
  16 efreet
  7 tengu conjurers
  13 komodo dragons
  29 yaktaurs
  A spectral naga (Crypt:3)
  12 freezing wraiths
  A ghost moth simulacrum (Spider:3)
  An alligator snapping turtle skeleton (Pan)
  7 ancient zymes
  An iron troll zombie (Crypt:3)
  9 polar bears
  8 red devils
  27 merfolk
  A red draconian skeleton (Crypt:2)
  A yellow draconian skeleton (Crypt:1)
  A guardian mummy (Crypt:3)
  6 hellwings
  A queen bee (shapeshifter) (Elf:2)
  A queen bee (Lair:2)
  5 trolls
  A merfolk (shapeshifter) (Depths:2)
  10 raiju
  A tarantella (shapeshifter) (D:15)
  16 tarantellas
  2 spriggan zombies
  A wolf spider simulacrum (Spider:3)
  16 hornets
  2 hydra skeletons (Pan)
  4 blink frogs
  A death drake zombie (Crypt:3)
  8 wind drakes
  Prince Ribbit (D:7)
  A snapping turtle (shapeshifter) (Vaults:3)
  An ettin zombie (D:15)
  102 slime creatures
  6 dream sheep
  A frost giant simulacrum (Depths:1)
  28 large abominations
  8 snapping turtles
  24 flying skulls
  A fire dragon skeleton (Pan)
  9 culicivoras
  A spectral black mamba (Lair:2)
  11 air elementals
  18 spriggans
  10 shadows
  3 vampires
  62 yaks
  22 jumping spiders
  A black mamba zombie (Crypt:2)
  A hog (shapeshifter) (Vaults:5)
  30 ynoxinuls
  An alligator snapping turtle simulacrum (Shoals:1)
  7 wyverns
  19 wraiths
  4 basilisks
  A black mamba skeleton (Pan)
  25 water elementals
  18 golden eyes
  16 humans (D:14)
  8 fire elementals
  2 sea snake simulacra (Shoals:1)
  4 death yak simulacra
  42 redbacks
  3 steam dragons
  23 chaos spawn
  14 vampire mosquitoes
  3 glowing shapeshifter zombies
  7 neqoxecs
  A spectral entropy weaver (Spider:3)
  15 wargs
  A harpy simulacrum (Shoals:1)
  A spectral cane toad (Lair:2)
  An entropy weaver zombie (Crypt:1)
  An acid dragon (D:8)
  4 spectral snapping turtles (Shoals:1)
  16 water moccasins
  2 floating eyes
  A glowing shapeshifter skeleton (Depths:1)
  A human skeleton (Depths:3)
  11 hell hounds
  A blink frog zombie (Crypt:1)
  8 ice beasts
  37 orc warriors
  3 sky beasts
  6 black bears
  2 black mamba simulacra (Lair:2)
  12 ogres
  25 wolves
  4 boggarts (Lair:5)
  A torpor snail zombie (Crypt:3)
  2 phantoms
  15 centaurs
  9 small abominations
  2 kobold brigands
  17 bullfrogs
  A rime drake skeleton (Crypt:1)
  A necrophage (Crypt:1)
  4 earth elementals
  2 gnoll sergeants
  5 merfolk simulacra (Shoals:1)
  4 faun simulacra (Shoals:1)
  6 scorpions
  9 wights
  A water moccasin skeleton (Crypt:3)
  4 snapping turtle simulacra (Shoals:1)
  A queen bee zombie (Crypt:2)
  2 troll zombies (D:10)
  25 killer bees
  A warg skeleton (Crypt:1)
  A manticore simulacrum (Shoals:1)
  8 electric eels
  3 howler monkeys
  A wolf zombie (Crypt:2)
  A quasit (Abyss:2)
  9 hounds
  21 jellies
  Crazy Yiuf (D:5)
  38 orc priests
  A cyclops simulacrum (Shoals:1)
  2 iguanas
  An iron imp (Abyss:2)
  2 sleepcaps
  19 orc wizards
  A scorpion zombie (Crypt:3)
  A lightning spire (Zot:1)
  An ice beast zombie (Crypt:3)
  6 ogre zombies (D:10)
  A naga skeleton (Crypt:2)
  A sky beast zombie (Crypt:1)
  A deep dwarf skeleton (Crypt:1)
  12 mummies (Crypt:3)
  11 gnolls
  3 adders
  A howler monkey skeleton (Crypt:2)
  A river rat (shapeshifter) (Elf:2)
  3 shadow imps
  4 white imps
  An ufetubus (Abyss:4)
  A worm (D:3)
  2 dart slugs
  98 orcs
  2 bats
  3 endoplasms
  4 giant cockroaches
  13 goblins
  14 hobgoblins
  11 kobolds
  3 quokkas
  4 ball pythons
  4 frilled lizards
  3 goblin skeletons
  2 goblin zombies (D:10)
  5 hobgoblin skeletons (D:10)
  2 hobgoblin zombies (D:10)
  4 orc skeletons
  11 orc zombies (D:10)
  6 rats
  2 ball lightnings
  A lurking horror (Abyss:4)
  9 starspawn tentacles
  6 tentacles
3162 creatures vanquished.

Vanquished Creatures (collateral kills)
  The ghost of LordJstr the Severer, an adept HOFi of Gozag (Spider:3)
  The ghost of safid the Warrior, an adept MfIE of Vehumet (Spider:2)
  A green draconian (Zot:1)
  A red draconian (Zot:1)
  2 orcs (Vaults:3)
  7 ball lightnings
13 creatures vanquished.

Vanquished Creatures (others)
  A draconian scorcher (Zot:4)
  A deep elf pyromancer (D:12)
  A smoke demon (Pan)
  A merfolk (Shoals:3)
  A ynoxinul (Pan)
  2 chaos spawn (Pan)
  A redback (Spider:3)
  A small abomination (Abyss:4)
  A kobold (D:8)
  266 ball lightnings
  A fire vortex (Lair:5)
  15 starspawn tentacles
  7 tentacles
299 creatures vanquished.

Grand Total: 3474 creatures vanquished

Notes
Turn   | Place    | Note
-------+----------+-------------------------------------------
     0 | D:1      | wingedge the Demigod Earth Elementalist began the quest for
                  | the Orb.
     0 | D:1      | Reached XP level 1. HP: 14/14 MP: 5/5
   991 | D:2      | Reached XP level 2. HP: 22/22 MP: 5/7
  1445 | D:2      | Reached skill level 1 in Conjurations
  1448 | D:2      | Noticed a scorpion
  2072 | D:3      | Reached XP level 3. HP: 19/27 MP: 4/8
  2117 | D:3      | Learned a level 3 spell: Stone Arrow
  2603 | D:4      | Reached skill level 1 in Fighting
  2681 | D:4      | Reached XP level 4. HP: 35/35 MP: 4/9
  2908 | D:4      | Noticed a sky beast
  2911 | D:4      | Killed a sky beast
  2912 | D:4      | Reached XP level 5. HP: 40/40 MP: 4/11
  3073 | D:4      | Found a staircase to the Ecumenical Temple.
  3437 | D:5      | Entered Level 5 of the Dungeon
  3437 | D:5      | Noticed an ogre
  3440 | D:5      | Killed an ogre
  3547 | D:5      | Reached XP level 6. HP: 48/48 MP: 10/13
  4474 | D:5      | Found a runed translucent door.
  4475 | D:5      | Noticed Crazy Yiuf
  4479 | D:5      | Killed Crazy Yiuf
  4682 | D:2      | Reached XP level 7. HP: 53/55 MP: 7/14
  5177 | D:6      | Reached skill level 5 in Earth Magic
  6062 | D:6      | Reached XP level 8. HP: 63/63 MP: 6/17
  6691 | D:7      | Noticed Prince Ribbit
  6909 | D:7      | Reached skill level 5 in Conjurations
  7141 | D:7      | Killed Prince Ribbit
  7142 | D:7      | Reached skill level 1 in Armour
  7759 | D:7      | Found a large runed translucent door.
  7761 | D:7      | Found a large runed translucent door.
  7764 | D:7      | Noticed chicagocrazy's ghost (novice MeCA)
  8182 | D:8      | Found a transporter.
  8212 | D:8      | Found a transporter.
  8214 | D:8      | Noticed AccursedSamuel's ghost (novice TeMo)
  8523 | D:8      | Reached XP level 9. HP: 72/72 MP: 6/19
  8712 | D:8      | HP: 3/72 [yak (11)]
  9367 | D:8      | Reached skill level 5 in Spellcasting
  9382 | D:8      | Reached skill level 5 in Fighting
  9514 | D:8      | Noticed Psyche
  9517 | D:8      | Killed Psyche
  9741 | D:8      | Noticed a two-headed ogre
  9750 | D:8      | Killed a two-headed ogre
  9751 | D:8      | Reached skill level 5 in Armour
 10282 | D:9      | Noticed a two-headed ogre
 10293 | D:9      | Reached skill level 1 in Shields
 10293 | D:9      | Reached XP level 10. HP: 81/83 MP: 7/22
 10626 | D:9      | Killed a two-headed ogre
 10930 | D:9      | Noticed a two-headed ogre
 10935 | D:9      | Killed a two-headed ogre
 10936 | D:9      | Reached skill level 1 in Maces & Flails
 12056 | D:10     | Entered Level 10 of the Dungeon
 12074 | D:10     | Found a flagged portal.
 12192 | Bailey   | Entered a bailey
 13006 | Bailey   | Acquired the ring "Qiofydi" {rPois rF+ rN+ Int+3 Stlth-}
 13360 | Bailey   | Noticed an orc high priest
 13379 | Bailey   | Killed an orc high priest
 13380 | Bailey   | Reached skill level 5 in Shields
 13380 | Bailey   | Reached XP level 11. HP: 65/91 MP: 2/25
 13549 | Bailey   | Identified the +4 falchion "Emilen" {flame, rPois rF- rCorr
                  | Int+6}
 13552 | Bailey   | Identified the +0 short sword of Foseuv {flame, Str+5
                  | Stlth+}
 13844 | D:10     | Learned a level 2 spell: Poisonous Vapours
 13848 | D:10     | Learned a level 3 spell: Mephitic Cloud
 14139 | D:10     | Reached skill level 1 in Air Magic
 14215 | D:10     | Reached skill level 1 in Poison Magic
 14428 | D:10     | Noticed Zeor's ghost (novice DsGl)
 14429 | D:10     | Noticed a lich
 14429 | D:10     | Noticed a necromancer
 14431 | D:10     | Noticed a fire crab
 14932 | D:10     | Found a staircase to the Orcish Mines.
 15224 | D:10     | Found a runed translucent door.
 15256 | D:10     | Noticed a skeletal warrior
 15256 | D:10     | Noticed a fire dragon
 15265 | D:10     | Found a runed translucent door.
 15716 | D:7      | Killed chicagocrazy's ghost
 16123 | D:11     | Found a large runed translucent door.
 16123 | D:11     | Found a large runed translucent door.
 16127 | D:11     | Noticed monsoonserge's ghost (novice DsMo)
 16138 | D:11     | Killed monsoonserge's ghost
 16139 | D:11     | Reached skill level 2 in Air Magic
 16900 | D:11     | Found a staircase to the Lair.
 17036 | D:11     | Noticed a two-headed ogre
 17320 | D:11     | Killed a two-headed ogre
 17608 | D:11     | Learned a level 4 spell: Iskenderun's Mystic Blast
 17638 | D:11     | Found Muacukh's Weapon Shoppe.
 17731 | D:11     | You fall into a shaft and drop 3 floors!
 17757 | D:14     | Noticed an orc knight
 18221 | D:14     | Noticed Nessos
 18284 | D:14     | Noticed a deep elf pyromancer
 18462 | D:14     | Noticed a five-headed hydra
 18532 | D:14     | Killed a five-headed hydra
 18533 | D:14     | Reached skill level 1 in Translocations
 18533 | D:14     | Reached skill level 3 in Air Magic
 18533 | D:14     | Reached XP level 12. HP: 100/100 MP: 12/27
 18720 | D:14     | Learned a level 5 spell: Freezing Cloud
 18915 | D:14     | Noticed a centaur warrior
 18927 | D:14     | Reached skill level 1 in Ice Magic
 18948 | D:14     | Killed a centaur warrior
 19088 | D:14     | Noticed a six-headed hydra
 19093 | D:14     | Noticed Rupert
 19095 | D:14     | Noticed a six-headed hydra
 19096 | D:14     | Killed a six-headed hydra
 19105 | D:14     | Killed Rupert
 19174 | D:14     | Killed a six-headed hydra
 19685 | D:14     | Found a gate to the Vaults.
 19732 | D:13     | Noticed a centaur warrior
 19869 | D:13     | Killed a centaur warrior
 20659 | D:13     | Identified the +2 pair of gloves of Coubykk {Str+3}
 20773 | D:13     | Noticed a seven-headed hydra
 20780 | D:13     | Killed a seven-headed hydra
 20991 | D:13     | Learned a level 5 spell: Arcjolt
 21169 | D:12     | Reached skill level 4 in Air Magic
 21306 | D:12     | Found Zuohen's Weapon Shop.
 21414 | D:12     | Bought the +4 scimitar "Apretona" {spect, *Rage Fly Int+7}
                  | for 672 gold pieces
 21988 | D:12     | Noticed Urug
 21998 | D:12     | Killed Urug
 21999 | D:12     | Reached skill level 5 in Dodging
 22667 | D:13     | Noticed a centaur warrior
 22672 | D:13     | Killed a centaur warrior
 22962 | Lair:1   | Entered Level 1 of the Lair of Beasts
 23004 | Lair:1   | Reached XP level 13. HP: 94/107 MP: 13/29
 23244 | Lair:1   | Reached skill level 5 in Maces & Flails
 23469 | Lair:1   | Upgraded the game from 0.30.1-6-gbe392663c4 to
                  | 0.30.1-8-g117510f58f
 23600 | Lair:1   | Got the Opusculum on the Birds and Corruption
 23866 | Lair:1   | Reached skill level 5 in Air Magic
 24546 | Lair:1   | Reached skill level 5 in Translocations
 24897 | Lair:1   | Noticed a dire elephant
 24911 | Lair:1   | Killed a dire elephant
 24922 | Lair:1   | Reached skill level 5 in Stealth
 25939 | Lair:2   | Reached skill level 6 in Air Magic
 26597 | Lair:2   | Found a runed translucent gate.
 26597 | Lair:2   | Found a runed translucent gate.
 26597 | Lair:2   | Found a runed translucent gate.
 26602 | Lair:2   | Noticed Babbit's ghost (journeyman MiFi)
 26941 | Lair:2   | Found a hole to the Spider Nest.
 27598 | Lair:3   | Found a transporter.
 27599 | Lair:3   | Noticed Kanwenku's ghost (journeyman MiFi)
 27600 | Lair:3   | Found a transporter.
 27891 | Lair:3   | Reached XP level 14. HP: 115/115 MP: 21/31
 28023 | Lair:3   | Found a staircase to the Shoals.
 28735 | Lair:4   | Reached skill level 7 in Air Magic
 29352 | Lair:4   | Noticed Josephine
 29359 | Lair:4   | Killed Josephine
 29360 | Lair:4   | Reached skill level 5 in Ice Magic
 30044 | Lair:5   | Entered Level 5 of the Lair of Beasts
 30277 | Lair:5   | Learned a level 5 spell: Borgnjor's Vile Clutch
 31191 | Lair:5   | Reached skill level 1 in Necromancy
 32163 | Lair:5   | Identified the +11 short sword of Haunted Punishment
                  | {antimagic, Will- Str+4 Int+6}
 32933 | Lair:5   | Found a runed translucent door.
 32938 | Lair:5   | Found a staircase to the Slime Pits.
 32938 | Lair:5   | Noticed an acid blob
 32938 | Lair:5   | Noticed an acid blob
 33535 | D:8      | Killed AccursedSamuel's ghost
 33874 | D:10     | Killed Zeor's ghost
 34126 | D:10     | Killed a lich
 34251 | D:10     | Identified the ring of Jilug {rElec Str-2 Int+2 Dex+6 SInv}
 34534 | Lair:2   | Reached skill level 8 in Air Magic
 34543 | Lair:2   | Killed Babbit's ghost
 34745 | Lair:3   | Reached XP level 15. HP: 81/121 MP: 13/33
 34748 | Lair:3   | Killed Kanwenku's ghost
 34878 | Lair:3   | Identified the staff of fire "Isamp" {*Corrode rF+ Str+5
                  | Dex+4}
 35125 | Orc:1    | Entered Level 1 of the Orcish Mines
 35973 | Orc:1    | Found a transporter.
 35980 | Orc:1    | Found a transporter.
 35981 | Orc:1    | Noticed Psyclone's ghost (journeyman OpVM)
 35982 | Orc:1    | Identified the +5 great mace of Moderation {elec, rF+ rC-
                  | Will+ Str+2}
 36308 | Orc:1    | Killed Psyclone's ghost
 36494 | Orc:2    | Entered Level 2 of the Orcish Mines
 36557 | Orc:2    | Found a staircase to the Elven Halls.
 36732 | Orc:1    | Reached skill level 10 in Shields
 37408 | Orc:2    | Found Miopuc's Antique Weapon Emporium.
 37408 | Orc:2    | Found Kemp's Weapon Boutique.
 37631 | Orc:2    | Found Ceze Bip's Magic Scroll Boutique.
 37866 | Orc:2    | Found Gieblaos's Assorted Antiques.
 38020 | Orc:2    | Bought a golden potion for 28 gold pieces
 38029 | Orc:2    | Bought a scroll of fear for 48 gold pieces
 38029 | Orc:2    | Bought a scroll of blinking for 90 gold pieces
 38029 | Orc:2    | Bought a scroll of amnesia for 48 gold pieces
 39007 | D:11     | Found the +7 mace of Variability {chaos, chaos arc}
 39433 | D:14     | Killed Nessos
 40031 | D:14     | Identified the +0 pair of gloves "Etiarid" {Str-5 Slay+5}
 40236 | D:15     | Entered Level 15 of the Dungeon
 40681 | D:15     | Found a staircase to the Depths.
 40907 | D:15     | Reached skill level 5 in Necromancy
 41627 | D:15     | Reached skill level 10 in Spellcasting
 41815 | D:15     | Reached skill level 9 in Air Magic
 43326 | Spider:1 | Entered Level 1 of the Spider Nest
 43356 | Spider:1 | Reached XP level 16. HP: 122/128 MP: 31/35
 45027 | Spider:2 | Found a runed translucent door.
 45029 | Spider:2 | Noticed safid's ghost (adept MfIE)
 46165 | Spider:3 | Noticed LordJstr's ghost (adept HOFi)
 46165 | Spider:3 | Found a transporter.
 46165 | Spider:3 | Found a transporter.
 46196 | Spider:3 | Killed LordJstr's ghost
 46352 | Spider:3 | Acquired the Compilation of the True Pharaoh
 46361 | Spider:3 | Learned a level 5 spell: Lee's Rapid Deconstruction
 46762 | Spider:3 | Identified the +0 ring mail "Booploto" {Str+5 Int+3}
 48638 | Spider:4 | Entered Level 4 of the Spider Nest
 51375 | Spider:4 | Identified the orb of the Bull {light, rPois rF- rCorr
                  | Dex+4}
 51382 | Spider:4 | Got a gossamer rune of Zot
 51696 | Orc:2    | Bought a scroll of acquirement for 1664 gold pieces
 51696 | Orc:2    | Acquired a +3 eveningstar of draining
 51712 | Orc:2    | Bought a scroll of brand weapon for 114 gold pieces
 51945 | Shoals:1 | Entered Level 1 of the Shoals
 52053 | Shoals:1 | Learned a level 3 spell: Vhi's Electric Charge
 52465 | Shoals:1 | Found a runed translucent gate.
 52465 | Shoals:1 | Found a runed translucent gate.
 52465 | Shoals:1 | Found a runed translucent gate.
 52481 | Shoals:1 | Acquired a +5 eveningstar of flaming
 52534 | Shoals:1 | Found a transporter.
 52534 | Shoals:1 | Found a transporter.
 53325 | Shoals:1 | Reached XP level 17. HP: 53/137 MP: 17/37
 53535 | Shoals:1 | Got the Notes on the Missiles
 53538 | Shoals:1 | Identified the +6 sling "Nant" {flame, rPois}
 53571 | Shoals:1 | Noticed kingsuperguy's ghost (adept HOMo)
 53620 | Shoals:1 | Killed kingsuperguy's ghost
 53789 | Shoals:1 | Identified the ring of the Serpent {Fly rElec Dex+3}
 53804 | Shoals:1 | Learned a level 6 spell: Conjure Ball Lightning
 53810 | Shoals:1 | Learned a level 5 spell: Iskenderun's Battlesphere
 53813 | Shoals:1 | Learned a level 2 spell: Blink
 54013 | Shoals:1 | Learned a level 1 spell: Magic Dart
 55153 | Shoals:2 | Noticed Amuaxidi's ghost (adept FoCK)
 55206 | Shoals:2 | Found a transporter.
 55208 | Shoals:2 | Found a transporter.
 56907 | Shoals:3 | Found Jogh's Jewellery Shoppe.
 58237 | Shoals:4 | Entered Level 4 of the Shoals
 58285 | Shoals:4 | Paralysed by an air elemental for 1 turns
 58441 | Shoals:4 | Paralysed by an air elemental for 1 turns
 58485 | Shoals:4 | Paralysed by an air elemental for 1 turns
 58489 | Shoals:4 | Paralysed by an air elemental for 1 turns
 59128 | Shoals:4 | Paralysed by an air elemental for 1 turns
 59431 | Shoals:4 | Reached skill level 10 in Conjurations
 59643 | Shoals:4 | Reached skill level 10 in Air Magic
 60774 | Shoals:4 | Noticed a titan
 60779 | Shoals:4 | Killed a titan
 61084 | Shoals:4 | Got a barnacled rune of Zot
 61085 | Shoals:4 | Identified the staff of cold "Gepusule" {rPois rC+ Stlth+}
 61827 | Spider:2 | Reached XP level 18. HP: 95/147 MP: 2/38
 61839 | Spider:2 | Killed safid's ghost
 62832 | Shoals:3 | Bought the ring of Kuravosh {Will+ Int+5} for 510 gold
                  | pieces
 63083 | Elf:1    | Entered Level 1 of the Elven Halls
 63415 | Elf:1    | Found Vellyhu's General Store.
 64109 | Elf:1    | Identified the +0 pair of boots "Bituula" {rN+}
 64366 | Elf:1    | Reached skill level 10 in Fighting
 64749 | Elf:1    | Reached skill level 10 in Earth Magic
 65139 | Elf:1    | Got the Book of Amalgamated Injury
 65418 | Elf:2    | Found Yzeuw's Magic Scroll Shoppe.
 65420 | Elf:2    | Bought a scroll of blinking for 112 gold pieces
 65580 | Elf:2    | Found Biledep's Distillery.
 65675 | Elf:2    | Bought a potion of magic for 112 gold pieces
 65675 | Elf:2    | Bought a potion of heal wounds for 70 gold pieces
 65735 | Elf:2    | Found Omausser's Magic Scroll Shoppe.
 66518 | Elf:3    | Entered Level 3 of the Elven Halls
 66565 | Elf:2    | Found a runed translucent gate.
 66566 | Elf:2    | Found a runed translucent gate.
 66566 | Elf:2    | Found a runed translucent gate.
 66743 | Elf:2    | Noticed Jorgrun
 66748 | Elf:2    | Killed Jorgrun
 66987 | Elf:2    | Noticed Azrael
 66998 | Elf:2    | Killed Azrael
 67001 | Elf:2    | Noticed Aizul
 67009 | Elf:2    | Killed Aizul
 67010 | Elf:2    | Reached skill level 11 in Air Magic
 68197 | Elf:2    | Reached skill level 10 in Armour
 69379 | Elf:3    | Reached skill level 10 in Maces & Flails
 69496 | Elf:3    | Paralysed by an air elemental for 1 turns
 69875 | Elf:3    | Identified the +8 long sword of Ahukia {heavy, rN+ SInv
                  | Stlth-}
 69881 | Elf:3    | Identified the +2 flail "Nuasisukh" {freeze, rN+}
 69881 | Elf:3    | Identified the +9 war axe "Setaphed" {flame, rF++}
 69945 | Elf:3    | Reached XP level 19. HP: 156/156 MP: 27/40
 70023 | Elf:3    | Identified the +0 ring mail of the Freezing Gods {rPois
                  | rN+++ MP+9 Dex-4}
 70197 | Elf:3    | Identified the +2 robe of Kikubaaqudgha, Feeding {rN+ Will+
                  | Dex-3}
 70198 | Elf:3    | Identified the +8 scimitar "Duc But" {venom, Will+ MP+9
                  | Int+4 Dex-2}
 70418 | Elf:3    | Noticed a Tzitzimitl
 71302 | Elf:3    | Identified the +7 broad axe of Shame {antimagic, rPois rF-
                  | Str+3}
 71542 | Elf:3    | Identified the +7 ice dragon scales of the Big Bang {rF-
                  | rC++ rN++ Int+7}
 71788 | Elf:3    | Identified the +6 falchion "Unugep" {heavy, rC- Str+6
                  | Dex+5}
 72450 | Elf:3    | Found the +9 scales of the Dragon King {rPois rF+ rC+
                  | Will+}
 72486 | Elf:3    | Got Sif Muna's Precepts of Metal
 72598 | Elf:2    | Bought a scroll of amnesia for 56 gold pieces
 72606 | Elf:2    | Learned a level 6 spell: Iron Shot
 73007 | Elf:3    | Got the Grimoire of Quantum Spellbinding
 73009 | Elf:3    | Identified the staff of conjuration "Xeroq" {rF+ Int+2
                  | Stlth+}
 73014 | Elf:3    | Identified the +2 ring mail of Gehenna {Slay+5 Stlth+}
 73578 | Vaults:1 | Entered Level 1 of the Vaults
 74133 | Vaults:1 | Noticed Zenata
 74139 | Vaults:1 | Killed Zenata
 74301 | Vaults:1 | Reached skill level 12 in Air Magic
 75832 | Vaults:1 | Acquired 497 gold pieces
 76420 | Vaults:1 | Noticed Donald
 76426 | Vaults:1 | Killed Donald
 76826 | Vaults:2 | Found a flickering gateway to a bazaar.
 76910 | Bazaar   | Entered a bazaar
 76934 | Bazaar   | Found Ceippem's Antique Weapon Shoppe.
 76945 | Bazaar   | Found Kerus's Antique Weapon Emporium.
 76961 | Bazaar   | Found Buixofekk's Antique Armour Emporium.
 76972 | Bazaar   | Found Zeefusm's Antique Armour Shoppe.
 77598 | Vaults:2 | Reached XP level 20. HP: 167/167 MP: 35/42
 78269 | Vaults:2 | Found a staircase to the Crypt.
 79040 | Vaults:3 | Noticed Asterion
 79048 | Vaults:3 | Killed Asterion
 79525 | Vaults:3 | Learned a level 3 spell: Vhi's Electric Charge
 79585 | Vaults:3 | Identified the ring "Siorcheom" {Fly rF++ rN+++ Str-5}
 80026 | Vaults:3 | Identified the +1 kite shield of Yrowyofi {Contam rElec
                  | rPois Stlth+}
 80055 | Vaults:3 | Identified the +5 hand axe of the Grand God {antimagic,
                  | rElec rF- Dex+8 Stlth-}
 80198 | Vaults:3 | Noticed Saint Roka
 80208 | Vaults:3 | Killed Saint Roka
 81514 | Vaults:4 | Reached skill level 13 in Air Magic
 82045 | Vaults:4 | Learned a level 2 spell: Sublimation of Blood
 82488 | Shoals:3 | Bought an amulet of regeneration for 360 gold pieces
 84599 | Vaults:5 | Entered Level 5 of the Vaults
 84618 | Vaults:5 | Reached XP level 21. HP: 90/176 MP: 15/44
 84661 | Vaults:5 | Identified the ring "Qadufewk" {rF+ rCorr}
 85077 | Vaults:5 | Noticed an ancient lich
 85087 | Vaults:5 | Killed an ancient lich
 85115 | Vaults:5 | Noticed a golden dragon
 85328 | Vaults:5 | Reached skill level 14 in Air Magic
 85447 | Vaults:5 | Noticed a golden dragon
 85450 | Vaults:5 | Killed a golden dragon
 85618 | Vaults:5 | Found Laffonut's Weapon Shoppe.
 85880 | Vaults:5 | Killed a golden dragon
 86241 | Vaults:5 | Identified the orb "Uvobic" {*Rage, MP+9 Int+3 Slay+2}
 86379 | Vaults:5 | Got a silver rune of Zot
 86919 | Vaults:5 | Found Xiex's Magic Scroll Shoppe.
 86923 | Vaults:5 | Found Lalaxzir's Jewellery Shop.
 86938 | Vaults:5 | Found Qaptoot's Jewellery Shoppe.
 87982 | Slime:1  | Entered Level 1 of the Pits of Slime
 87990 | Slime:1  | Gained mutation: You are vulnerable to cold. (rC-) [a
                  | shining eye]
 90447 | Slime:5  | Entered Level 5 of the Pits of Slime
 90537 | Slime:5  | Noticed the Royal Jelly
 90566 | Slime:5  | Noticed Dissolution
 90572 | Slime:5  | Killed Dissolution
 90573 | Slime:5  | Reached skill level 15 in Air Magic
 90573 | Slime:5  | Reached XP level 22. HP: 96/185 MP: 13/46
 90696 | Slime:5  | Killed the Royal Jelly
 90856 | Slime:5  | Identified the ring "Yxiss" {Fly Will+}
 90864 | Slime:5  | Identified the +4 flail of the Ring {freeze, rPois rF++ rC-
                  | MP+9}
 90865 | Slime:5  | Identified the ring "Gilaegos" {Ice rElec Int-2 Dex+7
                  | Stlth+}
 91087 | Slime:5  | Got a slimy rune of Zot
 91102 | Slime:5  | Identified the +6 dagger of Duxzeblo {heavy, *Noise rC+
                  | SInv}
 91131 | Slime:5  | Identified the +1 scale mail "Asicw" {rCorr}
 91323 | Slime:4  | Gained mutation: You are frail. (-10% HP) [a shining eye]
 92093 | Elf:2    | Bought a scroll of blinking for 112 gold pieces
 92093 | Elf:2    | Bought a scroll of enchant weapon for 112 gold pieces
 92462 | Vaults:2 | Lost mutation: You are frail. (-10% HP) [potion of
                  | mutation]
 92462 | Vaults:2 | Lost mutation: You are vulnerable to cold. (rC-) [potion of
                  | mutation]
 92462 | Vaults:2 | Gained mutation: Armour fits poorly on your strangely
                  | shaped body. [potion of mutation]
 92462 | Vaults:2 | Gained mutation: You are dopey. (Int -2) [potion of
                  | mutation]
 92462 | Vaults:2 | Gained mutation: You are very dopey. (Int -4) [potion of
                  | mutation]
 92462 | Vaults:2 | Lost mutation: You are very dopey. (Int -4) [potion of
                  | mutation]
 92463 | Vaults:2 | Lost mutation: Armour fits poorly on your strangely shaped
                  | body. [potion of mutation]
 92463 | Vaults:2 | Lost mutation: You are dopey. (Int -2) [potion of mutation]
 92463 | Vaults:2 | Gained mutation: You have hidden genetic potential. [potion
                  | of mutation]
 92463 | Vaults:2 | Gained mutation: You have great hidden genetic potential.
                  | [potion of mutation]
 92463 | Vaults:2 | Gained mutation: You have sharp toenails. [potion of
                  | mutation]
 92484 | Crypt:1  | Entered Level 1 of the Crypt
 92497 | Crypt:1  | Noticed Bai Suzhen
 92503 | Crypt:1  | Killed Bai Suzhen
 92814 | Crypt:1  | Reached skill level 10 in Dodging
 93051 | Vaults:2 | Learned a level 8 spell: Maxwell's Capacitive Coupling
 93088 | Crypt:1  | Noticed Margery
 93102 | Crypt:1  | Killed Margery
 93833 | Crypt:2  | Found a transporter.
 93989 | Crypt:2  | Found a transporter.
 95256 | Crypt:2  | Identified the staff of earth "Puleif" {rC+}
 95259 | Crypt:2  | Identified the amulet "Narywi" {Spirit Harm rPois Int-3
                  | Dex+4}
 95261 | Crypt:2  | Identified the +0 pair of gloves of the Clam {Dex+4}
 95311 | Crypt:3  | Entered Level 3 of the Crypt
 96261 | Crypt:3  | Found a staircase to the Tomb.
 96386 | Crypt:3  | Reached skill level 16 in Air Magic
 97246 | Crypt:3  | Got the Elucidation of Sidekicks and the Welkin
 97263 | Crypt:3  | Identified the +1 morningstar of Premature Burial {flame,
                  | rN+ SInv}
 97877 | Depths:1 | Entered Level 1 of the Depths
 98265 | Depths:1 | Found a gateway to Hell.
 98494 | Depths:1 | Reached XP level 23. HP: 133/195 MP: 14/48
 98726 | Depths:1 | Found a one-way gate leading to the halls of Pandemonium.
 99332 | Depths:2 | Reached skill level 15 in Spellcasting
 99551 | Depths:2 | Gained mutation: Your spells are a little harder to cast,
                  | but a little more powerful. [hidden potential]
100160 | Depths:2 | Noticed Nikola
100165 | Depths:2 | Killed Nikola
100417 | Depths:2 | Reached skill level 17 in Air Magic
101296 | Depths:2 | Paralysed by a floating eye for 4 turns
101852 | Depths:3 | Found a one-way gateway to a ziggurat.
102979 | Depths:3 | Found a one-way gate to the infinite horrors of the Abyss.
103985 | Depths:3 | Identified the ring "Woisusef" {rF- Will+ AC+4 Int+9}
104888 | Depths:3 | Identified the +6 sling "Giantbane" {speed, rN++}
105710 | Depths:3 | Voluntarily entered the Abyss.
105985 | Depths:3 | Escaped the Abyss
106030 | Depths:3 | Voluntarily entered the Abyss.
106094 | Depths:3 | Escaped the Abyss
106115 | Depths:3 | Voluntarily entered the Abyss.
106186 | Abyss:3  | Reached skill level 15 in Fighting
106210 | Abyss:3  | Reached XP level 24. HP: 167/206 MP: 24/48
106424 | Depths:3 | Escaped the Abyss
106543 | Depths:3 | Voluntarily entered the Abyss.
106719 | Abyss:3  | Gained mutation: You are robust. (+10% HP) [hidden
                  | potential]
106719 | Abyss:3  | Lost mutation: You have great hidden genetic potential.
                  | [hidden potential expressed]
106769 | Abyss:3  | Reached skill level 18 in Air Magic
107263 | Abyss:4  | Got an abyssal rune of Zot
107567 | Abyss:4  | Noticed a dread lich
107569 | Abyss:4  | Killed a dread lich
107573 | Depths:3 | Escaped the Abyss
107741 | Depths:4 | Entered Level 4 of the Depths
108712 | Depths:4 | Found a gate to the Realm of Zot.
108771 | Depths:4 | Got the Folio of the Nocuous Blaze
109410 | Depths:4 | Found Osihuzeosk's Jewellery Emporium.
109410 | Depths:4 | Found Zaetzei's Book Boutique.
109411 | Depths:4 | Found Ciejyov's Jewellery Emporium.
109447 | Depths:4 | Bought the amulet of the Four Winds {rN+ Will+++ Clar} for
                  | 1517 gold pieces
109447 | Depths:4 | Found the amulet of the Four Winds {rN+ Will+++ Clar}
110112 | Elf:2    | Bought a potion of magic for 112 gold pieces
110112 | Elf:2    | Bought a potion of haste for 140 gold pieces
110695 | Zot:1    | Entered Level 1 of the Realm of Zot
111012 | Zot:1    | Reached skill level 15 in Maces & Flails
111021 | Zot:1    | Noticed an orb of fire
111021 | Zot:1    | Gained mutation: You are partially covered in iridescent
                  | scales. (AC +2) [an orb of fire]
111025 | Zot:1    | Killed an orb of fire
111604 | Zot:1    | Identified the +3 scale mail "Huvidgh" {rElec rF++ rN+
                  | Str-4}
111817 | Zot:1    | Reached skill level 15 in Dodging
112810 | Zot:2    | Reached XP level 25. HP: 232/235 MP: 42/49
113526 | Zot:2    | Reached skill level 19 in Air Magic
113659 | Zot:2    | Gained mutation: You passively map a small area around you.
                  | [hidden potential]
114285 | Zot:2    | Reached skill level 15 in Conjurations
116417 | Zot:3    | Identified the +10 flail of Figocvoj {freeze, Dex+3}
116641 | Zot:3    | Identified the staff of fire "Fiukkiot" {rF+ rC+ MP-9 Str+8
                  | Int+3}
116793 | Zot:3    | You fall into a shaft and drop 1 floor!
117331 | Zot:3    | Found a runed translucent door.
117335 | Zot:3    | Noticed Celoneuts's ghost (legendary OpSu)
118038 | Zot:3    | Killed Celoneuts's ghost
118714 | Shoals:2 | Killed Amuaxidi's ghost
119676 | Zot:4    | Noticed an orb of fire
119933 | Zot:4    | Killed an orb of fire
120290 | Zot:4    | Identified the +7 dagger "Jellybane" {drain, *Corrode Drain
                  | rElec Dex+7}
120291 | Zot:4    | Got the Volume of The Black Sun
120595 | Zot:4    | Reached skill level 1 in Transmutations
120888 | Pan      | Entered Pandemonium
120931 | Pan      | Found an exit through the horrors of the Abyss.
120967 | Pan      | Noticed Iraossih the pandemonium lord
120985 | Pan      | Killed Iraossih the pandemonium lord
121297 | Pan      | Entered the realm of Gloorx Vloq.
121758 | Pan      | Reached skill level 20 in Air Magic
121984 | Pan      | Learned a level 6 spell: Statue Form
122167 | Pan      | Reached XP level 26. HP: 247/247 MP: 27/49
122672 | Pan      | Noticed Gloorx Vloq
122703 | Pan      | Got a dark rune of Zot
123127 | Pan      | Reached skill level 10 in Necromancy
123137 | Pan      | Noticed Gaseqol the pandemonium lord
123144 | Pan      | Killed Gaseqol the pandemonium lord
123285 | Pan      | Got a demonic rune of Zot
123419 | Pan      | Gained mutation: Your flesh is heat resistant. (rF+)
                  | [hidden potential]
123419 | Pan      | Lost mutation: You have hidden genetic potential. [hidden
                  | potential expressed]
123832 | Pan      | Reached skill level 5 in Transmutations
125894 | Pan      | Noticed Fyoco the pandemonium lord
125898 | Pan      | Killed Fyoco the pandemonium lord
126361 | Pan      | Entered the realm of Cerebov.
126375 | Pan      | Identified the +8 fire dragon scales "Oggothep" {rElec rF++
                  | rC- Stlth+}
126493 | Pan      | Identified the +4 longbow "Xicvephi" {freeze, Str+6}
126526 | Pan      | Identified the +2 plate armour of the Wonderful God {rPois
                  | Str+2 Slay-2}
126526 | Pan      | Identified the amulet "Eskueg" {Acrobat rPois Str+5 Dex-5
                  | SInv}
126932 | Pan      | Identified the ring of Kinutu {rPois rF- Str-2 Slay+5 SInv}
126935 | Pan      | Identified the +0 scimitar of Yesterday {holy, Dex+3}
126974 | Pan      | Identified the ring "Tuenas" {rC- rN+++ MP+9 Str-4 SInv}
126992 | Pan      | Found the +6 sword of Cerebov {flame}
126992 | Pan      | Noticed Cerebov
126999 | Pan      | Killed Cerebov
127226 | Pan      | Learned a level 9 spell: Chain Lightning
127240 | Pan      | Identified the +5 short sword "Igeum" {heavy, rC- Int+5}
128877 | Pan      | Found an exit through the horrors of the Abyss.
129711 | Pan      | Reached XP level 27. HP: 218/255 MP: 29/50
129939 | Pan      | Upgraded the game from 0.30.1-8-g117510f58f to
                  | 0.30.1-9-gdf580d7c3d
130097 | Pan      | Identified the amulet "Ara Kesa" {Spirit rN++ SInv}
130119 | Pan      | Got a fiery rune of Zot
130197 | Pan      | Noticed Bashox the pandemonium lord
130204 | Pan      | Killed Bashox the pandemonium lord
130456 | Pan      | Found an exit through the horrors of the Abyss.
130787 | Pan      | Noticed Uwereann the pandemonium lord
130795 | Pan      | Killed Uwereann the pandemonium lord
130796 | Pan      | Reached skill level 15 in Armour
130796 | Pan      | Reached skill level 21 in Air Magic
130984 | Pan      | Noticed Gloorx Vloq
131001 | Pan      | HP: 6/255 [something (22)]
131004 | Pan      | Killed by miscasting Chain Lightning

Illustrated notes

Levels and vault maps discovered:
D:1:      ebering_trefoil_3fold, layout_basic
D:2:      layout_loops_ring
D:3:      layout_basic, lemuel_coloured_pillars_altar, minivault_24
D:4:      layout_rooms, minmay_temple_entry_large_hall, serial_forest,
          infiniplex_forest_clump_small, infiniplex_forest_clump_medium,
          infiniplex_forest_straight_5, infiniplex_forest_clump_large,
          infiniplex_forest_clump_C, infiniplex_forest_lined_corner,
          chequers_serial_rivers_room_b
D:5:      layout_rooms, lemuel_tele_altar, nicolae_overflow_hidden_temple,
          interstate_on_off, grunt_decor_fettered, uniq_crazy_yiuf_cottage
D:6:      layout_loops_ring, nicolae_ashenzari_panopticon, grunt_ministairs_14
D:7:      layout_cave_pools, mainiacjoe_overflow_surrounded_room,
          mainiacjoe_overflow_two_lobes, ebering_ghost_disaster_area,
          chequers_serial_rivers_micro_d, uniq_prince_ribbit1
D:8:      layout_basic, mainiacjoe_overflow_cross_hatched, nzn_ghost_randoct,
          uniq_psyche
D:9:      minmay_skewed_foursquare, layout_cave_pools, serial_bayou,
          serial_bayou_pond_b, serial_bayou_pond_e, serial_bayou_shore_b,
          serial_bayou_crossing, amcnicky_mini_pool_small,
          corexii_hall_statues_i
D:10:     layout_basic, zombieorc2_lemuel, enter_bailey_4,
          muffindrake_ghost_dual_entry
D:11:     layout_cave_pools, hellmonk_lair_entry_icy, serial_shops, shop,
          ebering_ghost_disaster_area, minmay_guarded_unrand_variability
D:12:     layout_grid_maze, serial_shops, nicolae_shop_window_shopping,
          uniq_urug
D:13:     layout_gridville
D:14:     layout_basic, david_vaults_3
D:15:     gammafunk_depths_entry_grave, layout_stronghold,
          minmay_misc_feat_alley, minmay_misc_feat_encased, minmay_rotating_lava
Lair:1:   layout_misc_corridors, st_stairs_13, minivault_11,
          nicolae_lair_lakeside_cave
Lair:2:   layout_cellular_growth, nicolae_spider_entry_orb_guardian,
          gammafunk_ghost_necromancy, special_room [special_room_bee],
          grunt_megastairs_3
Lair:3:   layout_long_grid, nicolae_shoals_entry_roost, gammafunk_ghost_arena,
          uniq_nessos
Lair:4:   layout_cave_pods, uniq_josephine
Lair:5:   minmay_lair_end_enchanted_forest, layout_gridlike, slime_entry_2,
          chequers_serial_rivers_small_b, nicolae_quartered_pool_medium
Shoals:1: layout_shoals, ebering_ghost_davey_jones, nicolae_shoals_beach_cooler
Shoals:2: layout_shoals, gammafunk_ghost_wrathful_warriors,
          nicolae_shoals_dead_sea_scrolls
Shoals:3: layout_shoals, nicolae_shoals_c_island
Shoals:4: shoals_end_hellmonk_storm_palace [storm_palace_center_ruins,
          storm_palace_corner_altar, storm_palace_corner_pillars,
          storm_palace_corner_blocked, storm_palace_corner_pillars]
Spider:1: layout_cave_pods, drop_trap
Spider:2: layout_spider_delve, ebering_ghost_inner_flame
Spider:3: layout_spider_delve, gammafunk_ghost_mausoleum,
          nicolae_spider_circle_web, beargit_elvish_explorers
Spider:4: spider_rune_water
Slime:1:  layout_caves, cheibrodos_slime_lost_civilization_4
Slime:2:  layout_caves
Slime:3:  cheibrodos_slime_lost_civilization_8, layout_caves
Slime:4:  layout_caves
Slime:5:  uniq_dissolution
Orc:1:    layout_caves, gammafunk_ghost_smash
Orc:2:    st_orc_town, layout_caves, basic_altar
Elf:1:    elf_arrival_001, layout_geoelf_octagon, serial_shops,
          nicolae_shop_crystal, minmay_elf_sorcery
Elf:2:    nicolae_elf_blades_crystal_corner, layout_onion_city, serial_shops,
          shop, shop, shop, einodemon_armed_red_devil_minivault,
          lemuel_elevator, uniq_aizul, uniq_jorgrun, uniq_azrael
Elf:3:    nooodl_elf_gasket, layout_geoelf_grid, grunt_ministairs_9,
          eino_tiny_chamber
Vaults:1: vaults_room_door_hall, nicolae_vaults_ellipses_ellipsis,
          nicolae_vaults_alarming, vaults_room_large_hall,
          nicolae_vaults_shelves_hall, nicolae_vaults_murderbox, v_misc_15,
          nicolae_vaults_storage_room_doors, nicolae_vaults_frosty_reception,
          v_alt_pattern_4, nicolae_vaults_little_squares_5,
          nicolae_vaults_house_1, hangedman_vaults_trim,
          nicolae_vaults_tangram_1, ontoclasm_vaults_fault,
          layout_vaults_omnicross, uniq_zenata, uniq_donald
Vaults:2: minmay_crypt_entry_necro_gods, nicolae_vaults_door_testing_chamber,
          vaults_dpeg_diagonal, nicolae_vaults_yaktaur_gun_rack,
          ontoclasm_vaults_eye, vaults_room_corners, hangedman_vaults_cutoff,
          hangedman_vaults_capsules, nicolae_vaults_stand_back,
          ontoclasm_vaults_ring_small, vaults_dpeg_cross, grunt_vaults_bifocal,
          layout_vaults_omnibox, serial_shops, bzr_in_the_mist
Vaults:3: v_pattern_4, v_misc_11, v_misc_27,
          nicolae_vaults_offset_grid_hallway_4,
          nicolae_vaults_variable_pillar_hall, vaults_mumra_chevron_long,
          ontoclasm_vaults_ring_large, grunt_vaults_funneled_arena, v_misc_30,
          v_misc_29, vaults_room_door_hall, nicolae_vaults_storage_room_water,
          vaults_dpeg_encased_lava, nicolae_vaults_double_plus_1,
          nicolae_vaults_tetromino_Z_1, layout_vaults_maze_snakey,
          uniq_asterion, uniq_saint_roka
Vaults:4: hangedman_vaults_stream, nicolae_vaults_trapezoid_layered, v_rooms_3,
          nicolae_vaults_spaceships, nicolae_vaults_little_squares_1,
          vaults_room_fours, grunt_vaults_hallway_long,
          layout_vaults_chaotic_city
Vaults:5: serial_shops
Crypt:1:  layout_chaotic_city, uniq_margery, uniq_bai_suzhen, uniq_josephina
Crypt:2:  gammafunk_sealed_arena, layout_chaotic_city
Crypt:3:  church_of_pain_bobbens, layout_chaotic_city,
          nicolae_tomb_entry_unfolded_pyramid_orthogonal
Depths:1: layout_cave_shapes, grunt_pan_entry_zigzag, hell_entry,
          grunt_decor_junction, minmay_starry_boxes
Depths:2: minmay_quarter_circles, layout_cave_shapes, pan_entry,
          grunt_gozag_statues, hell_entry, uniq_nikola
Depths:3: hangedman_six_sided_sadism, layout_honeycomb, enter_ziggurat_e,
          pf_coc_iceberg, rand_demon_pan_entry_3, abyss_entry,
          infiniplex_staircase_zigzag_1
Depths:4: grunt_zot_entry_alcove, layout_basic, minmay_crystal_water,
          grunt_hell_entry_dis_old, drop_trap, minmay_shop_grove,
          serial_bayou_shore_a
Zot:1:    layout_misc_corridors, amethyst_zot_foddershock
Zot:2:    lemuel_acid_trip, layout_onion, lemuel_baited_zot_trap
Zot:3:    kennysheep_oblong_rooms, layout_onion, ebering_ghost_reflecting_pool,
          lemuel_elevator
Zot:4:    dreamdust_black_sun_cult, layout_misc_corridors, lemuel_flame_loot_1
Pan:      evilmike_mini_pan_possible_glass, layout_pan_divisions_b
          [pan_division_quadrant_b6, pan_division_quadrant_b2,
          pan_division_quadrant_b3, pan_division_quadrant_b5],
          gloorx_vloq_grunt, layout_small_grid, pan_blood_fountain,
          regret_index_pan_draining_boxed, layout_gridville, uniq_mennas_pan,
          nicolae_pan_door_chamber, layout_basic, evilmike_mini_pan_doors,
          layout_onion_city, evilmike_mini_pan_3x3, layout_grid_shapes,
          pan_blood_fountain, pan_blood_fountain_2,
          cerebov_grunt_fire_and_steel, layout_gridville,
          pan_blood_fountain_small, evilmike_mini_pan_layers,
          layout_irregular_city, grunt_pan_in_and_out, layout_gridlike,
          uniq_mennas_pan, gammafunk_its_a_trap, layout_cellular_growth,
          uniq_gloorx_vloq, rand_demon_5, layout_cellular_growth,
          pan_blood_fountain, uniq_gloorx_vloq, nicolae_pan_lom_lobonic_1

Skill      XL: |  1  2  3  4  5  6  7  8  9 10 11 12 13 14 15 16 17 18 19 20 21 22 23 24 25 26 27 |
---------------+----------------------------------------------------------------------------------+-----
Conjurations   | 1 2 3 4 5 6 7 8 9 10 11 12 13 14 16 18 19 | 19.3
Earth Magic    | 3 4 5 6 7 8 9 10 11 12 13 | 13.0
Stealth        | 2 3 4 5 6 7 8 |  8.3
Dodging        | 2 3 4 5 6 7 8 9 11 13 15 16 | 16.0
Spellcasting   | 2 3 4 5 6 7 8 9 10 11 12 13 14 15 16 17 | 17.0
Fighting       | 1 2 3 4 5 6 7 8 9 10 11 12 13 14 15 16 | 16.2
Armour         | 2 5 7 8 9 10 11 12 13 14 15 | 15.0
Shields        | 1 5 7 8 9 10 11 12 | 12.0
Maces & Flails | 2 4 5 6 8 10 11 12 13 14 15 16 | 16.0
Air Magic      | 3 4 6 8 9 10 11 12 13 15 16 17 18 20 21 | 21.1
Poison Magic   | 3 |  3.0
Translocations | 1 4 5 |  5.0
Ice Magic      | 2 4 6 7 8 |  8.5
Necromancy     | 2 6 8 9 10 | 10.0
Transmutations | 3 7 |  7.0

Action                     |  1- 3 |  4- 6 |  7- 9 | 10-12 | 13-15 | 16-18 | 19-21 | 22-24 | 25-27 || total
---------------------------+-------+-------+-------+-------+-------+-------+-------+-------+-------++-------
  Melee: Spear             |     1 |       |       |       |       |       |       |       |       ||     1
         Dagger            |       |       |    13 |       |       |       |       |       |       ||    13
         Halberd           |       |       |     7 |       |       |       |       |       |       ||     7
         Flail             |       |       |       |    68 |   305 |    85 |       |       |       ||   458
         Staff             |       |       |       |     1 |       |       |       |     4 |       ||     5
         Falchion          |       |       |       |    30 |       |       |       |       |       ||    30
         Scimitar          |       |       |       |     1 |     2 |    14 |       |       |       ||    17
         Eveningstar       |       |       |       |       |       |   126 |   128 |   107 |   461 ||   822
         War axe           |       |       |       |       |       |       |       |     1 |       ||     1
         Kick              |       |       |       |       |       |       |       |       |     8 ||     8
   Cast: Sandblast         |    56 |    17 |       |       |       |       |       |       |       ||    73
         Stone Arrow       |     3 |    22 |   139 |   430 |   233 |   183 |    21 |       |       ||  1031
         Mephitic Cloud    |       |       |       |    20 |     7 |       |       |       |       ||    27
         Iskenderun's Myst |       |       |       |     6 |     2 |     2 |       |       |       ||    10
         Poisonous Vapours |       |       |       |    13 |   178 |    60 |       |       |       ||   251
         Arcjolt           |       |       |       |     5 |    64 |    35 |    74 |    82 |    14 ||   274
         Freezing Cloud    |       |       |       |     2 |   164 |   152 |    69 |    17 |    47 ||   451
         Borgnjor's Vile C |       |       |       |       |    47 |   274 |   168 |   119 |   196 ||   804
         Lee's Rapid Decon |       |       |       |       |       |    24 |    33 |    73 |    30 ||   160
         Iskenderun's Batt |       |       |       |       |       |    98 |   102 |    45 |    33 ||   278
         Magic Dart        |       |       |       |       |       |    84 |    61 |    16 |    36 ||   197
         Conjure Ball Ligh |       |       |       |       |       |    10 |    31 |    44 |    19 ||   104
         Blink             |       |       |       |       |       |     7 |     1 |     5 |     1 ||    14
         Iron Shot         |       |       |       |       |       |       |   256 |   567 |   233 ||  1056
         Sublimation of Bl |       |       |       |       |       |       |    71 |   194 |    92 ||   357
         Vhi's Electric Ch |       |       |       |       |       |       |     1 |       |       ||     1
         Maxwell's Capacit |       |       |       |       |       |       |       |    12 |    72 ||    84
         Statue Form       |       |       |       |       |       |       |       |       |     8 ||     8
         Chain Lightning   |       |       |       |       |       |       |       |       |     2 ||     2
Ability: End Transformatio |       |       |       |       |       |       |       |       |     8 ||     8
  Evoke: Wand              |       |       |       |     3 |       |       |       |     1 |       ||     4
    Use: Scroll            |     4 |     1 |     3 |    15 |     7 |    27 |    13 |    14 |    17 ||   101
         Potion            |       |       |     1 |     2 |     3 |    15 |     5 |    19 |    10 ||    55
   Stab: Confused          |       |       |       |     2 |     1 |       |       |       |       ||     3
 Armour: Robe              |     2 |     1 |     9 |       |       |       |       |       |       ||    12
         Ring mail         |       |       |    11 |   179 |   158 |   173 |     7 |       |       ||   528
         Scale mail        |       |       |     8 |    24 |       |       |       |       |       ||    32
         Ice dragon scales |       |       |       |       |       |       |   141 |   279 |   440 ||   860
         Skin              |       |       |       |       |       |       |       |       |    16 ||    16
  Dodge: Dodged            |    13 |     6 |    46 |   146 |   172 |   337 |   137 |   233 |   478 ||  1568
         Repelled          |       |       |       |       |       |    14 |       |       |       ||    14
  Block: Buckler           |       |       |       |    15 |       |       |       |       |       ||    15
         Kite shield       |       |       |       |   185 |   240 |   344 |   189 |   307 |   508 ||  1773
